 Dungeon Crawl Stone Soup version 0.22.1-1-ga44c0e56f4 (webtiles) character file.

63 Gargoyl the Skirmisher (level 3, 0/33 HPs)
             Began as a Centaur Abyssal Knight on Sept 24, 2018.
             Was a Follower of Lugonu.
             Succumbed to an adder's poison
             ... on level 2 of the Dungeon.
             The game lasted 00:02:23 (1332 turns).

Gargoyl the Skirmisher (Centaur Abyssal Knight)     Turns: 1332, Time: 00:02:24

Health: 0/33       AC:  7    Str: 14    XL:     3   Next: 87%
Magic:  4/4        EV:  8    Int: 11    God:    Lugonu [*.....]
Gold:   42         SH:  0    Dex:  9    Spells: 2/2 levels left

rFire    . . .     SeeInvis .   f - +0 broad axe
rCold    . . .     Gourm    .   (no shield)
rNeg     . . .     Faith    .   d - +0 ring mail
rPois    .         Spirit   .   j - +0 helmet (curse)
rElec    .         Reflect  .   (no cloak)
rCorr    .         Harm     .   (no gloves)
MR       .....                  (no barding)
Stlth    ..........             (no amulet)
HPRegen  0.11/turn              (no ring)
MPRegen  0.09/turn              (no ring)

@: lethally poisoned (0 -> -21), very quick
A: large, hooves 3, deformed body, speed 2, tough skin 3
a: Depart the Abyss, Renounce Religion


You were on level 2 of the Dungeon.
You worshipped Lugonu.
Lugonu was aware of your devotion.
You were hungry.

You visited 1 branch of the dungeon, and saw 2 of its levels.
You visited the Abyss 1 time.

You collected 42 gold pieces.

Inventory:

Hand Weapons
 a - a +1 hand axe
 f - a +0 broad axe (weapon)
Armour
 d - a +0 ring mail (worn)
 j - a cursed +0 helmet (worn)
Scrolls
 b - 6 scrolls of identify
 e - 2 scrolls of remove curse
 h - a scroll of teleportation {unknown}
 i - 2 scrolls of magic mapping {unknown}
Comestibles
 c - 3 rations


   Skills:
 + Level 3.7 Fighting
 + Level 2.3 Axes
 * Level 2.1 Armour
 + Level 0.7 Dodging
 * Level 2.3 Invocations


You had 2 spell levels left.
You didn't know any spells.
Your spell library contained the following spells:

 Spells                   Type           Power        Failure   Level  Hunger
 Apportation              Tloc           #.....       56%         1    ##.....
 Summon Butterflies       Summ           #.......     56%         1    ##.....
 Lesser Beckoning         Tloc           #.........   91%         3    ####...
 Tukima's Dance           Hex            #.......     91%         3    ####...
 Alistair's Intoxication  Tmut/Pois      #.......     100%        5    ######.
 Invisibility             Hex            #.......     100%        6    #######


Dungeon Overview and Level Annotations

Branches:
Dungeon (2/15)

Altars:


Innate Abilities, Weirdness & Mutations

You have hooves in place of feet.
Armour fits poorly on your strangely shaped body.
You cover ground very quickly.
You have extremely tough skin. (AC +3)


Message History

You hit the adder.
* * * LOW HITPOINT WARNING * * *
You feel very sick. The adder bites you but does no damage.
The adder completely misses you. The adder closely misses you.
The adder bites you.
* * * LOW HITPOINT WARNING * * *
You are more poisoned.
The adder poisons you!
You barely miss the adder.
The adder is lightly wounded.
You hit the adder.
You kill the adder!
Lugonu accepts your kill.
* * * LOW HITPOINT WARNING * * *
You feel sick. The bat closely misses you. The bat hits you but does no damage.
The adder barely misses you. The adder bites you but does no damage.
You barely miss the adder.
The adder is lightly wounded.
You closely miss the bat.
You die...

#######.##.#############
...........#
#######.#### #.# ## #.#
##.##.# ####...#l#
......SbS# ####.).#@#
##.##.# #. #.# # ..#
####


You could see 2 adders, a bat and a frilled lizard.

Vanquished Creatures
  2 adders (D:2)
  3 dart slugs (D:1)
  3 leopard geckos (D:1)
  5 giant cockroaches (D:1)
  3 goblins (D:1)
  2 hobgoblins (D:1)
  5 jackals (D:1)
  A kobold (D:1)
  6 bats (D:1)
  A rat (D:1)
31 creatures vanquished.

Notes
Turn   | Place    | Note
-------+----------+-------------------------------------------
     0 | Abyss:1  | Gargoyl the Centaur Abyssal Knight began the quest for the
                  | Orb.
     0 | Abyss:1  | Reached XP level 1. HP: 19/19 MP: 2/2
    25 | Abyss:1  | Found a corrupted altar of Lugonu.
    93 | Abyss:2  | Noticed a large abomination
   128 | Abyss:2  | Noticed a cyan very ugly thing
   140 | Abyss:2  | Noticed a ynoxinul
   144 | D:1      | Escaped the Abyss
   278 | D:1      | Reached XP level 2. HP: 20/26 MP: 3/3
   623 | D:1      | Reached * piety under Lugonu
   700 | D:1      | Reached XP level 3. HP: 22/33 MP: 4/4
  1332 | D:2      | Succumbed to an adder's poison

Skill      XL: |  1  2  3 |
---------------+----------+-----
Axes           | 2 |  2.3
Armour         | 2 |  2.1
Fighting       | |  3.7
Dodging        | |  0.7
Invocations    | |  2.3

Action                   || total
-------------------------++-------
Melee: Broad axe         ||    88
       Kick              ||     9
Invok: Depart the Abyss  ||     1
  Use: Scroll            ||     1
       Potion            ||     1
Armor: Ring mail         ||    98
Dodge: Dodged            ||    78
